[Event "January 2 Late 2024"]
[Site "https://www.chess.com"]
[Date "2024.01.02"]
[Round "4"]
[White "Rios Escobar, Adan"]
[Black "Gontcharov, Vladislav"]
[Result "0-1"]
[Board "146"]
[TimeControl "180+1"]
[WhiteFideId "3403645"]
[BlackFideId "4123492"]
[WhiteElo "2377"]
[BlackElo "2596"]
[WhiteTeam "CHI"]
[BlackTeam "RUS"]
[WhiteClock "0:00:32"]
[BlackClock "0:00:09"]

1. d4 Nf6 2. g3 c5 3. d5 d6 4. c4 g6 5. Nc3 Bg7 6. Nf3 O-O 7. Bg2 Na6 8. O-O Bg4 9. Nd2 Qd7 10. Re1 Bh3 11. Bh1 Nc7 12. a4 a6 13. a5 Rab8 14. Na4 Qd8 15. Nb6 Nd7 16. Nxd7 Bxd7 17. e4 b5 18. axb6 Rxb6 19. Ra2 Qb8 20. b3 Qb7 21. Bb2 Bxb2 22. Rxb2 a5 23. Ra2 Ra8 24. e5 a4 25. bxa4 Rba6 26. Ne4 Bxa4 27. Qc1 Ne8 28. Qh6 Qb4 29. Rea1 dxe5 30. d6 exd6 31. Ng5 Nf6 32. Bd5 R8a7 33. h4 Be8 34. h5 Rxa2 35. Rxa2 Qb1+ 36. Kg2 Rxa2 37. Nxh7 Rxf2+ 38. Kh3 Qf1+ 39. Kh4 Rh2+ 40. Kg5 Qf5# 0-1

[Event "January 2 Late 2024"]
[Site "https://www.chess.com"]
[Date "2024.01.02"]
[Round "4"]
[White "Novak, Ratko"]
[Black "Andrews, Todd"]
[Result "0-1"]
[Board "147"]
[TimeControl "180+1"]
[WhiteFideId "14511827"]
[BlackFideId "2012456"]
[WhiteElo "2377"]
[BlackElo "2574"]
[WhiteTeam "CRO"]
[BlackTeam "USA"]
[WhiteClock "0:02:47"]
[BlackClock "0:02:50"]

1. d4 Nf6 2. c4 c5 3. dxc5 b5 4. cxb5 Qa5+ 5. Nc3 Ne4 6. Bd2 Nxc5 7. b4 Qxb4 8. Nd5 Qe4 9. Nc7+ Kd8 10. Nxa8 Nd3# 0-1

[Event "January 2 Late 2024"]
[Site "https://www.chess.com"]
[Date "2024.01.02"]
[Round "4"]
[White "Todev, Simeon"]
[Black "Shubenkova, Veronika"]
[Result "0-1"]
[Board "148"]
[TimeControl "180+1"]
[WhiteFideId "2925133"]
[BlackFideId "44124040"]
[WhiteElo "2374"]
[BlackElo "2572"]
[WhiteTeam "BUL"]
[BlackTeam "RUS"]
[WhiteClock "0:01:34"]
[BlackClock "0:02:32"]

1. e4 e6 2. d4 d5 3. Nc3 Nf6 4. e5 Nfd7 5. f4 c5 6. Nf3 cxd4 7. Nxd4 Nc6 8. Be3 Bc5 9. Qd2 a6 10. Be2 Nxd4 11. Bxd4 b5 12. O-O-O Qb6 13. g4 Bb7 14. f5 Bxd4 15. Qxd4 Qxd4 16. Rxd4 Nxe5 17. fxe6 fxe6 18. Re1 Nc6 19. Rf4 Rf8 20. Rxf8+ Kxf8 21. Bd3 Kf7 22. Rf1+ Ke7 23. Bxh7 Rh8 24. Bg6 Ne5 25. Bh5 g6 26. Re1 Kd6 27. Bxg6 Nxg6 28. Re2 Nf4 29. Rf2 e5 30. Ne2 Nxe2+ 31. Rxe2 d4 32. Kd2 Bf3 33. Rf2 Bxg4 34. Rf6+ Be6 0-1

[Event "January 2 Late 2024"]
[Site "https://www.chess.com"]
[Date "2024.01.02"]
[Round "4"]
[White "Paragua, Megan Althea"]
[Black "Avramidou, Anastasia"]
[Result "0-1"]
[Board "149"]
[TimeControl "180+1"]
[WhiteFideId "30973007"]
[BlackFideId "4239873"]
[WhiteElo "2374"]
[BlackElo "2571"]
[WhiteTeam "USA"]
[BlackTeam "GRE"]
[WhiteClock "0:00:01"]
[BlackClock "0:00:34"]

1. e4 g6 2. d4 Bg7 3. Nc3 d6 4. Nf3 a6 5. Be2 b5 6. a3 Bb7 7. O-O Nd7 8. h3 Ngf6 9. e5 Nd5 10. Nxd5 Bxd5 11. Bf4 O-O 12. b3 dxe5 13. Nxe5 c5 14. c4 bxc4 15. bxc4 Nxe5 16. dxe5 Be6 17. Qc2 Qd4 18. Bg3 Bxe5 19. Bf3 Rad8 20. Rad1 Qb2 21. Qxb2 Bxb2 22. Rb1 Bxa3 23. Rb7 Rd7 24. Rb6 Bb4 25. Bc6 Rd2 26. Bd5 Bxd5 27. cxd5 a5 28. Rb7 Rxd5 29. Rxe7 Rfd8 30. Ra7 R5d7 31. Ra6 Rd1 32. Be5 Rxf1+ 33. Kxf1 Rc8 34. Ke2 Re8 35. f4 Bc3 36. Kf3 Bxe5 37. fxe5 Rxe5 38. Rxa5 Kg7 39. Kf4 Rf5+ 40. Ke4 h5 41. g4 hxg4 42. hxg4 Rg5 43. Kf4 Rd5 44. Ke3 Kf6 45. Ke4 Rd4+ 46. Kf3 Rc4 47. Ra6+ Ke7 48. Ra7+ Ke6 49. Ra6+ Ke5 50. Ra3 Rf4+ 51. Kg3 g5 52. Re3+ Kd4 53. Re7 c4 54. Rd7+ Kc3 55. Rd5 f6 56. Rd1 Kb3 57. Rb1+ Kc2 58. Rh1 c3 59. Rh2+ Kb1 60. Rh1+ Kb2 0-1

[Event "January 2 Late 2024"]
[Site "https://www.chess.com"]
[Date "2024.01.02"]
[Round "4"]
[White "Banerjee, Supratit"]
[Black "Gao, Raymond"]
[Result "1-0"]
[Board "150"]
[TimeControl "180+1"]
[WhiteFideId "2410079"]
[BlackFideId "2629429"]
[WhiteElo "2555"]
[BlackElo "2371"]
[WhiteTeam "SCO"]
[BlackTeam "CAN"]
[WhiteClock "0:01:09"]
[BlackClock "0:00:05"]

1. e4 c5 2. c3 Nf6 3. e5 Nd5 4. d4 cxd4 5. cxd4 Nc6 6. Nf3 d6 7. Bc4 Nb6 8. Bb5 dxe5 9. Nxe5 Bd7 10. Nxd7 Qxd7 11. Nc3 e6 12. O-O Be7 13. Qg4 O-O 14. Be3 Rfd8 15. Rad1 a6 16. Bd3 Nd5 17. Nxd5 Qxd5 18. b3 Rac8 19. Bc4 Qd7 20. Qf3 b5 21. Bd3 Nb4 22. Bb1 Nd5 23. Rfe1 Bf6 24. Qe4 g6 25. Qf3 Bg7 26. h4 Nc3 27. Rc1 Nxb1 28. Rxb1 Qd5 29. Qg3 Rc2 30. a4 b4 31. Red1 Rc3 32. Qg5 Qxg5 33. hxg5 Kf8 34. Bd2 Rxd4 35. Bxc3 Rxd1+ 36. Rxd1 bxc3 37. Kf1 Ke7 38. Ke2 Be5 39. Kd3 a5 40. Kc2 f5 41. gxf6+ Kxf6 42. Rd7 h5 43. Ra7 Bd4 44. Rxa5 Bxf2 45. Rb5 Bd4 46. a5 g5 47. a6 g4 48. Rxh5 e5 49. b4 e4 50. Rd5 Be5 51. Rxe5 Kxe5 52. a7 e3 53. a8=Q Kf4 54. Qe8 Kg3 55. Qxe3+ Kxg2 56. Kxc3 g3 57. b5 Kh2 58. b6 g2 59. b7 g1=Q 60. b8=Q+ Kh1 61. Qh8+ Qh2 62. Qe1+ Kg2 63. Qe2+ Kg3 64. Qhxh2# 1-0

[Event "January 2 Late 2024"]
[Site "https://www.chess.com"]
[Date "2024.01.02"]
[Round "4"]
[White "Marcziter, Dmitrii"]
[Black "Lin, Bryan Enming"]
[Result "1-0"]
[Board "151"]
[TimeControl "180+1"]
[WhiteFideId "13900765"]
[BlackFideId "30987121"]
[WhiteElo "2367"]
[BlackElo "2554"]
[WhiteTeam "GER"]
[BlackTeam "USA"]
[WhiteClock "0:00:31"]
[BlackClock "0:00:12"]

1. d4 Nf6 2. c4 g6 3. Nf3 c5 4. d5 Bg7 5. Nc3 O-O 6. e4 d6 7. Be2 e6 8. O-O Na6 9. h3 Nc7 10. Bd3 exd5 11. exd5 b5 12. cxb5 Bb7 13. Bc4 Re8 14. Bf4 Ne4 15. Qd3 Nxc3 16. bxc3 Qf6 17. Bd2 Qf5 18. Qxf5 gxf5 19. Nh4 Bxd5 20. Bxd5 Nxd5 21. Nxf5 Bxc3 22. Rad1 Bd4 23. Nxd6 Re2 24. Nf5 Rb8 25. a4 Bc3 26. Bc1 Nb6 27. Rd3 Nxa4 28. Rg3+ Kh8 29. Bf4 Rg8 30. Rd3 Be5 31. Ng3 Bxf4 32. Nxe2 Be5 33. Rd7 Rb8 34. Rxa7 Nb2 35. Rxf7 Rxb5 36. Ra1 Kg8 37. Rd7 Nc4 38. Rc1 Nb6 39. Rb7 Bd6 40. Nc3 Rb4 41. Rd1 Be5 42. Rd8# 1-0

[Event "January 2 Late 2024"]
[Site "https://www.chess.com"]
[Date "2024.01.02"]
[Round "4"]
[White "Obon Temprano, Sergi"]
[Black "Womacka, Mathias"]
[Result "0-1"]
[Board "152"]
[TimeControl "180+1"]
[WhiteFideId "2226545"]
[BlackFideId "4611390"]
[WhiteElo "2362"]
[BlackElo "2547"]
[WhiteTeam "ESP"]
[BlackTeam "GER"]
[WhiteClock "0:00:04"]
[BlackClock "0:00:08"]

1. Nf3 c5 2. c4 Nf6 3. Nc3 e6 4. g3 b6 5. Bg2 Bb7 6. O-O Be7 7. d3 O-O 8. Rb1 d5 9. a3 Nbd7 10. b4 dxc4 11. dxc4 cxb4 12. axb4 Rc8 13. Qb3 Qc7 14. Nb5 Qxc4 15. Nxa7 Qxb3 16. Rxb3 Ra8 17. Nb5 Rfc8 18. Be3 Ra2 19. Nfd4 Bxg2 20. Kxg2 Nd5 21. Rfb1 g6 22. Bh6 e5 23. e4 N5f6 24. Nf3 Nxe4 25. R1b2 Rc2 26. Rxa2 Rxa2 27. Be3 Kg7 28. Rd3 Ndf6 29. Nxe5 Bxb4 30. Bxb6 Be1 31. Rf3 Rb2 32. Nd3 Rxb5 33. Bd4 Bc3 34. Bxc3 Nxc3 35. Nf4 Ncd5 36. Nd3 Ne4 37. Ne5 f6 38. Ng4 h5 39. Ne3 Nxe3+ 40. Rxe3 f5 41. h4 Rb2 42. Ra3 Rxf2+ 43. Kh3 Rc2 44. Ra7+ Kh6 45. Ra8 Nf2+ 46. Kg2 Ng4+ 47. Kg1 Ne5 48. Ra3 Rd2 49. Ra5 Nf3+ 50. Kf1 Kg7 51. Ra3 Ne5 52. Ra5 Kf6 53. Ra6+ Kf7 54. Ra7+ Ke6 55. Ra6+ Kd5 56. Ra5+ Ke4 57. Ra3 Rd3 58. Ra5 Rxg3 59. Ra4+ Kd5 60. Kf2 Rc3 61. Ra5+ Rc5 62. Ra6 Ke4 63. Ra4+ Rc4 64. Ra6 Rc2+ 65. Kg3 f4+ 66. Kh3 f3 67. Kg3 Rg2+ 68. Kh3 Rg4 69. Ra4+ Ke3 70. Ra3+ Kf4 71. Ra4+ Kf5 72. Ra3 f2 73. Ra2 Rf4 74. Rxf2 Rxf2 75. Kg3 Rf3+ 76. Kh2 Kg4 77. Kh1 Kg3 0-1

[Event "January 2 Late 2024"]
[Site "https://www.chess.com"]
[Date "2024.01.02"]
[Round "4"]
[White "RaugintaBulba"]
[Black "Van der Werf, Mark"]
[Result "1-0"]
[Board "153"]
[TimeControl "180+1"]
[BlackFideId "1000470"]
[WhiteElo "2530"]
[BlackElo "2355"]
[BlackTeam "NED"]
[WhiteClock "0:00:05"]
[BlackClock "0:00:00"]

1. d4 g6 2. c4 Bg7 3. e4 c5 4. d5 d6 5. h3 Nf6 6. Nc3 O-O 7. Nf3 a6 8. Be3 b5 9. cxb5 Nbd7 10. a4 Qa5 11. Bd2 axb5 12. Nxb5 Qb6 13. Bd3 Ne8 14. Qc2 Nc7 15. O-O Na6 16. Ra2 Nb4 17. Bxb4 cxb4 18. b3 Nc5 19. Bc4 Bd7 20. Nfd4 Rfc8 21. Qe2 Nb7 22. Rd2 Na5 23. Nc6 Nxc6 24. dxc6 Bxc6 25. Qf3 Rf8 26. Rfd1 Rac8 27. Qg4 Bb7 28. Rc2 Rc5 29. Rdc1 Rfc8 30. Qf4 Rf8 31. Kh1 Re5 32. f3 Rh5 33. Qh2 Bh6 34. Rd1 Qe3 35. Re2 Qf4 36. Qxf4 Bxf4 37. a5 Bg3 38. Ra2 Ra8 39. Nc7 Rc8 40. Nd5 Bxd5 41. Bxd5 Rc7 42. a6 Ra7 43. Bb7 Rc5 44. Kg1 1-0

[Event "January 2 Late 2024"]
[Site "https://www.chess.com"]
[Date "2024.01.02"]
[Round "4"]
[White "Pasti, Aron"]
[Black "Kleibel, Uwe"]
[Result "1-0"]
[Board "154"]
[TimeControl "180+1"]
[WhiteFideId "785857"]
[BlackFideId "1270982"]
[WhiteElo "2518"]
[BlackElo "2351"]
[WhiteTeam "HUN"]
[BlackTeam "GER"]
[WhiteClock "0:00:53"]
[BlackClock "0:00:18"]

1. e4 e5 2. Nf3 Nc6 3. Bb5 a6 4. Ba4 Nf6 5. O-O Be7 6. Re1 b5 7. Bb3 d6 8. c3 O-O 9. h3 Nb8 10. d4 Nbd7 11. Nbd2 c5 12. Nf1 Re8 13. a4 Bb7 14. Ng3 Bf8 15. d5 c4 16. Bc2 Nc5 17. Nf5 g6 18. Nh6+ Kg7 19. Bg5 Be7 20. Qd2 Ng8 21. Be3 Nb3 22. Bxb3 cxb3 23. Ng4 f5 24. exf5 gxf5 25. Bh6+ Kh8 26. Ng5 Bxg5 27. Bxg5 Qd7 28. Nf6 Nxf6 29. Bxf6+ Kg8 30. Qg5+ Kf8 31. f4 exf4 32. axb5 Bxd5 33. bxa6 Qf7 34. Bd4 Qg6 35. Rxe8+ Rxe8 36. Qxg6 hxg6 37. a7 Ba8 38. Kf2 Kf7 39. Ra6 Ke6 40. Rb6 Rc8 41. Rxb3 g5 42. Rb8 Kd7 43. b4 g4 44. b5 g3+ 45. Kf1 Kc7 46. b6+ Kd7 47. b7 Bxb7 48. Rxb7+ Kc6 49. Rb8 1-0

[Event "January 2 Late 2024"]
[Site "https://www.chess.com"]
[Date "2024.01.02"]
[Round "4"]
[White "Jahnz, Fabian"]
[Black "Horak, Martin"]
[Result "0-1"]
[Board "155"]
[TimeControl "180+1"]
[WhiteFideId "4653300"]
[BlackFideId "367095"]
[WhiteElo "2340"]
[BlackElo "2514"]
[WhiteTeam "GER"]
[BlackTeam "CZE"]
[WhiteClock "0:00:05"]
[BlackClock "0:00:23"]

1. e4 c5 2. Nf3 a6 3. c3 d5 4. exd5 Qxd5 5. Be2 Nf6 6. O-O e6 7. d4 Nc6 8. Na3 cxd4 9. Nc4 Qd8 10. cxd4 Be7 11. a4 O-O 12. a5 Nd5 13. Nfe5 Bd7 14. Be3 Rc8 15. Bf3 Be8 16. Nxc6 Bxc6 17. Ne5 Bb5 18. Be2 Qe8 19. Bxb5 Qxb5 20. Qd3 Qxd3 21. Nxd3 Nb4 22. Ne5 Rc2 23. Rac1 Rfc8 24. g3 Bd8 25. Bd2 Rxc1 26. Rxc1 Rxc1+ 27. Bxc1 Bxa5 28. Bd2 Nc6 29. Nxc6 Bxd2 30. Nd8 Bc1 31. b3 Bb2 32. Nxb7 Bxd4 33. Kf1 Kf8 34. Ke2 Ke7 35. Na5 Kd6 36. f3 Kd5 37. Kd3 e5 38. Nc4 f5 39. Nd2 a5 40. Nc4 e4+ 41. fxe4+ fxe4+ 42. Kd2 a4 43. Na5 a3 44. b4 a2 45. Nb3 a1=Q 46. Nxa1 Bxa1 47. b5 Bd4 0-1

[Event "January 2 Late 2024"]
[Site "https://www.chess.com"]
[Date "2024.01.02"]
[Round "4"]
[White "Berezin, Viktor"]
[Black "Kostiukov, Alexandr"]
[Result "1-0"]
[Board "156"]
[TimeControl "180+1"]
[WhiteFideId "14107872"]
[BlackFideId "14108100"]
[WhiteElo "2510"]
[BlackElo "2339"]
[WhiteTeam "UKR"]
[BlackTeam "UKR"]
[WhiteClock "0:00:33"]
[BlackClock "0:00:00"]

1. d4 g6 2. Nf3 Bg7 3. g3 d6 4. Bg2 e5 5. Nc3 exd4 6. Nxd4 Ne7 7. O-O Nbc6 8. Nxc6 bxc6 9. Rb1 O-O 10. Bg5 Qd7 11. Bxe7 Qxe7 12. Bxc6 Rb8 13. Re1 Bxc3 14. bxc3 Rxb1 15. Qxb1 Qe5 16. Qb4 Be6 17. Qd4 Qa5 18. a4 Rb8 19. h4 h5 20. e4 Rb2 21. e5 d5 22. Qe3 Rxc2 23. Rb1 Kg7 24. Qf4 Qxc3 25. Qf6+ Kh7 26. Rb8 Qe1+ 27. Kg2 Qe4+ 28. Kh2 1-0

[Event "January 2 Late 2024"]
[Site "https://www.chess.com"]
[Date "2024.01.02"]
[Round "4"]
[White "Poddubnyi, Viktor"]
[Black "Shapiro, Viktor"]
[Result "0-1"]
[Board "157"]
[TimeControl "180+1"]
[WhiteFideId "4141989"]
[BlackFideId "4175700"]
[WhiteElo "2337"]
[BlackElo "2509"]
[WhiteTeam "RUS"]
[BlackTeam "RUS"]
[WhiteClock "0:00:00"]
[BlackClock "0:00:34"]

1. e4 Nf6 2. e5 Nd5 3. d4 d6 4. c4 Nb6 5. f4 dxe5 6. fxe5 c5 7. d5 g6 8. Nf3 Bg4 9. h3 Bxf3 10. Qxf3 Bg7 11. Bf4 O-O 12. Nc3 e6 13. O-O-O N8d7 14. Qe3 exd5 15. cxd5 Nxe5 16. Bxe5 Re8 17. Bb5 Rxe5 18. Qf3 a6 19. Bd3 c4 20. Bc2 f5 21. g4 Qg5+ 22. Kb1 fxg4 23. hxg4 Rf8 24. Qg2 Re3 25. d6 Rxc3 26. bxc3 Qb5+ 27. Kc1 Bxc3 28. Rdf1 Qb2+ 29. Kd1 Qa1+ 30. Ke2 Re8+ 31. Kf3 Qxa2 32. Kg3 Be5+ 33. Kh3 Qa3+ 34. Rf3 Qxd6 35. Rhf1 Nd5 36. Qf2 Nc7 37. Rf8+ Rxf8 0-1

[Event "January 2 Late 2024"]
[Site "https://www.chess.com"]
[Date "2024.01.02"]
[Round "4"]
[White "Jaiveer Mahendru"]
[Black "Wendt, Jan-Dietrich"]
[Result "0-1"]
[Board "158"]
[TimeControl "180+1"]
[WhiteFideId "25611151"]
[BlackFideId "4623797"]
[WhiteElo "2509"]
[BlackElo "2332"]
[WhiteTeam "IND"]
[BlackTeam "GER"]
[WhiteClock "0:00:23"]
[BlackClock "0:00:13"]

1. f4 g6 2. Nf3 Bg7 3. g3 c5 4. Bg2 Nc6 5. e4 d5 6. e5 Nh6 7. O-O Nf5 8. g4 Nfd4 9. c3 Nxf3+ 10. Qxf3 h5 11. g5 Be6 12. Na3 Qd7 13. d3 O-O-O 14. Be3 d4 15. cxd4 Nxd4 16. Bxd4 Qxd4+ 17. Rf2 Bd5 18. Qh3+ Kb8 19. Nb5 Bxg2 20. Qxg2 Qxd3 21. a4 a6 22. Ra3 Qd5 23. Nc3 Qxg2+ 24. Kxg2 f6 25. Ne4 fxe5 26. Nxc5 exf4 27. Ne6 Rdg8 28. Rxf4 Be5 29. Rf7 Bd6 30. Rb3 Rc8 31. h4 Rc4 32. Rg7 Rg4+ 33. Kh3 Rc8 34. Rc3 Rxc3+ 35. bxc3 Rg3+ 36. Kh2 Re3+ 37. Kg2 Rxe6 38. Kf3 Kc7 39. c4 Kb6 40. Rg8 Ka5 41. Rc8 Re5 42. Rb8 b6 43. Ra8 Rc5 44. Ke4 Rxc4+ 45. Kd5 Rxa4 46. Ke6 Rxh4 47. Kf7 Rg4 48. Kxg6 Bf4 49. Kf5 Bxg5 50. Rh8 Bf6 51. Rxh5 Rb4 52. Ke6+ b5 53. Rh1 Ra4 54. Kd7 b4 55. Kc6 b3 56. Rb1 b2 57. Kc5 Ra1 58. Rxb2 Bxb2 59. Kc4 Rd1 60. Kc5 e5 61. Kc6 e4 62. Kb7 e3 63. Ka7 e2 64. Ka8 e1=Q 65. Kb8 Rd7 0-1

[Event "January 2 Late 2024"]
[Site "https://www.chess.com"]
[Date "2024.01.02"]
[Round "4"]
[White "Kujawski, Adam"]
[Black "Dinu, Dumitru-Daniel"]
[Result "0-1"]
[Board "159"]
[TimeControl "180+1"]
[WhiteFideId "1100920"]
[BlackFideId "1208403"]
[WhiteElo "2324"]
[BlackElo "2508"]
[WhiteTeam "POL"]
[BlackTeam "ROU"]
[WhiteClock "0:00:12"]
[BlackClock "0:00:54"]

1. e4 c5 2. Nf3 d6 3. d4 Nf6 4. Nc3 cxd4 5. Nxd4 a6 6. Bg5 Nbd7 7. Bc4 Qb6 8. Qd2 h6 9. Bxf6 Nxf6 10. O-O-O Bd7 11. f4 Rc8 12. Bb3 e6 13. e5 dxe5 14. fxe5 Ng8 15. Kb1 Bb4 16. Nf5 Qc7 17. Nxg7+ Kf8 18. Qxd7 Kxg7 19. Qd4 Bxc3 20. bxc3 Qxc3 21. Qg4+ Kf8 22. Rhf1 Qxe5 23. Bxe6 Rc7 24. Rd8+ Ke7 25. Rxg8 Qb5+ 26. Bb3 Qxf1+ 27. Kb2 Qf6+ 28. c3 Qxc3+ 29. Ka3 Qc5+ 30. Kb2 Qc1# 0-1

[Event "January 2 Late 2024"]
[Site "https://www.chess.com"]
[Date "2024.01.02"]
[Round "4"]
[White "Korpics, Zsolt"]
[Black "Silvestre, Christian"]
[Result "1-0"]
[Board "160"]
[TimeControl "180+1"]
[WhiteFideId "705241"]
[BlackFideId "30956269"]
[WhiteElo "2508"]
[BlackElo "2321"]
[WhiteTeam "HUN"]
[BlackTeam "USA"]
[WhiteClock "0:00:29"]
[BlackClock "0:00:43"]

1. e4 c5 2. Nf3 d6 3. Nc3 Nf6 4. e5 dxe5 5. Nxe5 Nbd7 6. d4 Nxe5 7. dxe5 Qxd1+ 8. Kxd1 Ng4 9. Bb5+ Kd8 10. Ke2 Nxe5 11. Rd1+ Nd7 12. Ne4 e6 13. Be3 Kc7 14. Bxd7 Bxd7 15. Bxc5 Bb5+ 16. Ke3 Bc6 17. Bxf8 Rhxf8 18. Rd2 Bxe4 19. Kxe4 Rad8 20. Rad1 Rxd2 21. Rxd2 Rd8 22. Rxd8 Kxd8 23. Kd4 Kd7 24. Kc5 Kc7 25. c4 b6+ 26. Kb5 Kb7 27. c5 a6+ 28. Kc4 Kc6 29. cxb6 Kxb6 30. b4 h5 31. a4 Kc6 32. Kd4 f6 33. Ke4 g5 34. Kd4 Kb6 35. Ke4 Kc6 36. h3 Kb6 37. g3 Kc6 38. f4 g4 39. h4 Kd6 40. Kd4 Kc6 41. Kc4 Kb6 42. b5 axb5+ 43. axb5 e5 44. fxe5 fxe5 45. Kd5 Kxb5 46. Kxe5 Kc5 47. Kf5 Kd5 48. Kg5 Ke5 49. Kxh5 Kf5 50. Kh6 Kf6 51. h5 1-0

[Event "January 2 Late 2024"]
[Site "https://www.chess.com"]
[Date "2024.01.02"]
[Round "4"]
[White "Travadon, Loic"]
[Black "Mazi, Leon"]
[Result "1-0"]
[Board "161"]
[TimeControl "180+1"]
[WhiteFideId "26092131"]
[BlackFideId "14600315"]
[WhiteElo "2319"]
[BlackElo "2506"]
[WhiteTeam "FRA"]
[BlackTeam "SLO"]
[WhiteClock "0:00:14"]
[BlackClock "0:00:39"]

1. e4 c5 2. Nc3 a6 3. Nf3 Nc6 4. g3 b5 5. Bg2 e6 6. O-O Bb7 7. d3 Be7 8. a4 b4 9. Ne2 Nf6 10. h4 d5 11. e5 Nd7 12. Bf4 h6 13. h5 g5 14. hxg6 fxg6 15. d4 g5 16. Be3 Qc7 17. c3 bxc3 18. bxc3 Na5 19. Nd2 Nb6 20. dxc5 Bxc5 21. Bxc5 Qxc5 22. Nd4 Ke7 23. Rb1 Rab8 24. Qf3 Nd7 25. N2b3 Nxb3 26. Rxb3 Qc7 27. Bh3 Nxe5 28. Qe2 g4 29. Bxg4 h5 30. Bxe6 h4 31. f4 hxg3 32. fxe5 Rbf8 33. Rxf8 Rxf8 34. Bg4 Bc8 35. Bxc8 Qxc8 36. Rb6 Qh3 37. Re6+ Kd7 38. Rd6+ Ke7 39. Nc6+ Ke8 40. Rd8+ Kf7 41. Qf1+ Kg6 42. Qxh3 1-0

[Event "January 2 Late 2024"]
[Site "https://www.chess.com"]
[Date "2024.01.02"]
[Round "4"]
[White "Shuvalov, Evgenij"]
[Black "Romero Ruscalleda, Josep"]
[Result "1/2-1/2"]
[Board "162"]
[TimeControl "180+1"]
[WhiteFideId "4187237"]
[BlackFideId "2231859"]
[WhiteElo "2505"]
[BlackElo "2316"]
[WhiteTeam "FID"]
[BlackTeam "ESP"]
[WhiteClock "0:00:40"]
[BlackClock "0:00:47"]

1. d4 g6 2. c4 Bg7 3. e4 d6 4. Nc3 Nc6 5. Be3 e5 6. dxe5 Nxe5 7. f3 Ne7 8. Qd2 N7c6 9. h4 h5 10. O-O-O Be6 11. c5 dxc5 12. Qxd8+ Rxd8 13. Rxd8+ Kxd8 14. Bxc5 Kc8 15. Nh3 Bxh3 16. Rxh3 Rd8 17. Kc2 Nd4+ 18. Bxd4 Rxd4 19. Be2 Bh6 20. Nb1 c5 21. Rh1 Bf4 22. Rd1 Rxd1 23. Kxd1 Bg3 24. Nc3 Bxh4 25. f4 Nd7 26. g4 Bg3 27. gxh5 Bxf4 28. hxg6 fxg6 29. Nd5 Be5 30. Ne7+ Kd8 31. Nxg6 Bxb2 32. Nf4 Ke7 33. Nd3 Bd4 34. Bg4 Nf6 35. Bf5 b6 36. Kc2 Kd6 37. Kb3 Nd7 38. Bxd7 Kxd7 39. Kc4 Kd6 40. a4 a6 41. Nf4 Kc6 42. Ne6 b5+ 43. axb5+ axb5+ 44. Kd3 Be5 45. Nd8+ Kb6 46. Nf7 Bg7 47. e5 Kc6 48. Ke4 b4 49. Ng5 b3 50. Nf3 b2 51. Nd2 Kb5 52. e6 Bf6 53. Kd3 c4+ 54. Kc2 c3 55. Ne4 Be7 56. Nxc3+ Kc6 57. Kxb2 Kd6 58. Kb3 Kxe6 1/2-1/2

[Event "January 2 Late 2024"]
[Site "https://www.chess.com"]
[Date "2024.01.02"]
[Round "4"]
[White "Fernandez Siles, Luis"]
[Black "N_Mullodzhanov"]
[Result "0-1"]
[Board "163"]
[TimeControl "180+1"]
[WhiteFideId "2209420"]
[WhiteElo "2307"]
[BlackElo "2502"]
[WhiteTeam "ESP"]
[WhiteClock "0:00:03"]
[BlackClock "0:00:01"]

1. e4 c6 2. d4 d5 3. exd5 cxd5 4. c4 Nf6 5. Nc3 e6 6. Nf3 Nc6 7. cxd5 Nxd5 8. Bd3 Bb4 9. Bd2 O-O 10. O-O h6 11. a3 Be7 12. Bc2 b6 13. Qe2 Bf6 14. Qd3 g6 15. Bxh6 Re8 16. Bb3 Nc7 17. Rad1 Na5 18. Ba4 Ba6 19. Qe4 b5 20. Bc2 b4 21. axb4 Bxf1 22. bxa5 Bc4 23. Ba4 Re7 24. Ne5 Bd5 25. Qf4 Bg7 26. Ng4 f5 27. Ne5 Bxe5 28. dxe5 Rh7 29. Bg5 Qb8 30. Bf6 Qb7 31. Qg3 Kf7 32. Ne2 Rg8 33. Qg5 Rh5 34. Qc1 g5 35. Ng3 Rh4 36. Bxg5 Rxa4 37. Bf6 Rg6 38. Qc5 Na6 39. Qd6 Bxg2 40. Qd7+ Qxd7 41. Rxd7+ Ke8 42. Re7+ Kf8 43. Kxg2 f4 44. Rxa7 Rxa5 45. h4 fxg3 46. f4 Ra2 47. h5 Rxb2+ 48. Kg1 Rb1+ 49. Kg2 Rg4 50. Ra8+ Kf7 51. Ra7+ Ke8 52. h6 Rb2+ 53. Kf3 g2 54. h7 Rg3+ 55. Ke4 Rb4# 0-1

[Event "January 2 Late 2024"]
[Site "https://www.chess.com"]
[Date "2024.01.02"]
[Round "4"]
[White "Kornyukov, Alexey"]
[Black "Dobre, Claudiu-Cristian"]
[Result "1-0"]
[Board "164"]
[TimeControl "180+1"]
[WhiteFideId "4150457"]
[BlackFideId "1211854"]
[WhiteElo "2304"]
[BlackElo "2502"]
[WhiteTeam "RUS"]
[BlackTeam "ROU"]
[WhiteClock "0:00:07"]
[BlackClock "0:00:00"]

1. d4 d5 2. c4 c6 3. Nf3 Nf6 4. e3 Bg4 5. Qb3 Qb6 6. Nc3 e6 7. Nh4 Nbd7 8. h3 Bh5 9. g4 Bg6 10. Nxg6 Qxb3 11. axb3 hxg6 12. Bg2 Be7 13. g5 Ng8 14. e4 dxe4 15. Nxe4 Bb4+ 16. Bd2 Bxd2+ 17. Kxd2 Ke7 18. Kc3 a6 19. h4 f5 20. Nc5 Nxc5 21. dxc5 Rd8 22. b4 Kf7 23. b5 axb5 24. cxb5 Ne7 25. Ra7 Rb8 26. b4 Rhc8 27. Rd1 Nd5+ 28. Kc4 cxb5+ 29. Kb3 Re8 30. Bxd5 exd5 31. Rxd5 Re7 32. Ra5 Rc8 33. Rxb5 Rcc7 34. Rb6 Re4 35. Rd8 Rf4 36. Rb8 Rxf2 37. R8xb7 Rxb7 38. Rxb7+ Ke6 39. Rxg7 f4 40. Rxg6+ Kd5 41. Rf6 Rf3+ 42. Ka4 Ke5 43. c6 1-0

[Event "January 2 Late 2024"]
[Site "https://www.chess.com"]
[Date "2024.01.02"]
[Round "4"]
[White "SkinnyPuppy8"]
[Black "Sonnenschein, Philipp"]
[Result "0-1"]
[Board "165"]
[TimeControl "180+1"]
[BlackFideId "16250877"]
[WhiteElo "2302"]
[BlackElo "2500"]
[BlackTeam "GER"]
[WhiteClock "0:00:00"]
[BlackClock "0:00:07"]

1. e4 c6 2. Nc3 d5 3. Nf3 Bg4 4. exd5 cxd5 5. Ne5 Bxd1 6. Bb5+ Nc6 7. Nxc6 Qb6 8. Ne5+ Kd8 9. Nxf7+ Kc8 10. Kxd1 d4 11. Be2 dxc3 12. bxc3 Qg6 13. Nxh8 Qxg2 14. Rf1 Nh6 15. Ba3 g6 16. Rb1 Bg7 17. Bxe7 Bxh8 18. Bd6 Nf5 19. Bg3 Kd7 20. Bb5+ Ke7 21. Re1+ Kf8 22. Bf1 Qf3+ 23. Be2 Qd5 24. c4 Qd7 25. Bf3 Rd8 26. d3 Nxg3 27. hxg3 b6 28. Rb5 Qf7 29. Be2 Bc3 30. Rf1 Qg7 31. f4 Re8 32. f5 g5 33. f6 Qg6 34. Rff5 h6 35. Bg4 Bxf6 36. c3 Kg7 37. Rbd5 Re7 38. Rd6 h5 39. Rdxf6 Qxf6 40. Rxf6 Kxf6 41. Bxh5 Re3 42. g4 Rxd3+ 43. Kc2 Rg3 44. Kb3 Ke5 45. Kb4 Rg2 46. a4 Rb2+ 47. Ka3 Rb1 48. Bg6 Rg1 49. Bf5 Kd6 50. Kb4 a6 51. c5+ bxc5+ 52. Ka5 Rc1 53. Kxa6 Rxc3 54. Kb5 Rb3+ 55. Ka5 c4 56. Bc2 Rb2 57. Bf5 c3 58. Ka6 c2 59. Bxc2 Rxc2 60. Kb5 Rb2+ 61. Kc4 Ra2 62. Kb3 Ra1 63. Kb4 Ke5 64. a5 Kf4 0-1

[Event "January 2 Late 2024"]
[Site "https://www.chess.com"]
[Date "2024.01.02"]
[Round "4"]
[White "Play, Gilles"]
[Black "Nechitaylo, Nikita"]
[Result "1-0"]
[Board "166"]
[TimeControl "180+1"]
[WhiteFideId "45130892"]
[BlackFideId "34138161"]
[WhiteElo "2496"]
[BlackElo "2301"]
[WhiteTeam "FRA"]
[BlackTeam "UKR"]
[WhiteClock "0:00:20"]
[BlackClock "0:00:02"]

1. d4 Nf6 2. Nf3 e6 3. c4 c5 4. Nc3 cxd4 5. Nxd4 Nc6 6. g3 Qb6 7. Nc2 Ne5 8. Bg2 Nxc4 9. O-O d5 10. e4 dxe4 11. b3 Nd6 12. Be3 Qc7 13. Bd4 Be7 14. Rc1 O-O 15. Ne3 Qa5 16. Bxf6 Bxf6 17. Nxe4 Nxe4 18. Bxe4 Rd8 19. Qf3 Rb8 20. Rfd1 Bd7 21. Ng4 Bg5 22. b4 Qb6 23. Bxh7+ Kxh7 24. Qxf7 Be8 25. Qf3 Bxc1 26. Rxc1 Rbc8 27. Re1 Qxb4 28. Rxe6 Rc1+ 29. Kg2 Bc6 30. Rxc6 bxc6 31. Ne5 Kg8 32. Qf7+ Kh8 33. Ng6+ Kh7 34. Qf5 Qd4 35. Ne7+ Kh8 36. Qh5# 1-0